 Dungeon Crawl Stone Soup version 0.17.1-1-g73c8601 (webtiles) character file.

96750 ventricule the Peltast (level 16, -5/110 HPs)
             Began as a Formicid Chaos Knight on Dec 20, 2015.
             Was a Believer of Kikubaaqudgha.
             Splashed by an acid blob's acid (9 damage)
             ... created by the vengeance of Jiyva
             ... on level 15 of the Dungeon on Dec 21, 2015.
             The game lasted 02:40:50 (38979 turns).

ventricule the Peltast (Formicid Chaos Knight)     Turns: 38979, Time: 02:40:50

Health: -5/110     AC:  6    Str: 28    XL:     16   Next: 25%
Magic:  0/16       EV: 19    Int:  9    God:    Kikubaaqudgha [**....]
Gold:   1802       SH: 22    Dex: 17    Spells: 0 memorised, 15 levels left

rFire  . . .     SeeInvis +     a - +0 mace (chaos) (curse)
rCold  . . .     Clarity  +     l - +0 chain mail (curse)
rNeg   + . .     SustAt   .     k - +0 large shield (curse)
rPois  .         Gourm    .     (helmet unavailable)
rElec  .         Spirit   +     y - +0 cloak of the Enchanted Forest {+Blink Str+3} (curse)
rCorr  .         Warding  .     I - +0 pair of gloves
rMut   .         Stasis   +     w - +0 pair of boots
MR     +....                    p - amulet of guardian spirit
Stlth  ..........               g - +5 ring of strength
                                m - ring of positive energy (curse)

@: corroded equipment, somewhat resistant to hostile enchantments, extremely
unstealthy
A: permanent stasis, dig shafts and tunnels, four strong arms, antennae 3,
talons 1, repulsion field 1, rugged brown scales 1, slimy green scales 1, blurry
vision 1, clarity, frail 1, screaming 1, slow regeneration 1, MP-powered wands
a: Dig, Shaft Self, Receive Corpses, Renounce Religion
}: 1/15 runes: slimy


You were on level 15 of the Dungeon.
You worshipped Kikubaaqudgha.
Kikubaaqudgha was pleased with you.
You were hungry.

You visited 5 branches of the dungeon, and saw 34 of its levels.

You collected 1974 gold pieces.
You spent 144 gold pieces at shops.


Innate Abilities, Weirdness & Mutations

You are under a permanent stasis effect.
You can dig through walls and to a lower floor.
Your four strong arms can wield two-handed weapons with a shield.
You have a pair of large antennae on your head (SInv).
You have sharp toenails.
You are surrounded by a mild repulsion field (EV +2).
You are partially covered in rugged brown scales (AC +1, +3% HP).
You are partially covered in slimy green scales (AC +2).
Scrolls take you a little longer to read.
You possess an exceptional clarity of mind.
You are frail (-10% HP).
You occasionally shout uncontrollably at your foes.
You regenerate slowly when monsters are visible.
You expend magic power (3 MP) to strengthen your wands.


   Skills:
 + Level 8.8 Fighting
 - Level 14.0 Maces & Flails
 + Level 7.6 Throwing
 - Level 8.7 Armour
 - Level 13.2 Dodging
 - Level 15.0 Shields
 + Level 0.0 Evocations


You had 15 spell levels left.
You didn't know any spells.

Inventory:

Hand Weapons
 a - a cursed +0 mace of chaos (weapon)
 h - a +0 flail
 j - a +6 dire flail of draining
 u - a +1 morningstar of protection
 H - the +3 Elemental Staff {rElec rF++ rC++ MR++ AC+5}

   It affects your AC (+5).
   It greatly protects you from fire.
   It greatly protects you from cold.
   It insulates you from electricity.
   It affects your resistance to hostile enchantments.
 K - a +1 eveningstar
Missiles
 f - 5 javelins (quivered)
 J - 3 javelins of returning
Armour
 b - a +2 leather armour
 e - a +0 ring mail
 i - a +1 leather armour of cold resistance
 k - a cursed +0 large shield (worn)
 l - a cursed +0 chain mail (worn)
 o - a +2 cloak
 t - a +0 plate armour
 w - a +0 pair of boots (worn)
 y - the cursed +0 cloak of the Enchanted Forest (worn) {+Blink Str+3}

   It affects your strength (+3).
   It lets you blink.
   It has a curse placed upon it.
 I - a +0 pair of gloves (worn)
Magical Staves
 v - an uncursed staff of wizardry {unknown}
Rods
 r - a +5 rod of ignition (13/13) {!a}
Jewellery
 d - an uncursed ring of flight
 g - a +5 ring of strength (right hand)
 m - a cursed ring of positive energy (left hand)
 p - an amulet of guardian spirit (around neck)
 B - a +3 ring of intelligence {unknown}
 L - an uncursed ring of ice {unknown}
Books
 n - a book of Enchantments

   Spells                             Type                      Level
   a - Cause Fear                     Hexes                        4
   b - Silence                        Hexes/Air                    5
   c - Deflect Missiles               Charms/Air                   6
   d - Haste                          Charms                       6
   e - Discord                        Hexes                        8
 q - a book of Death

   Spells                             Type                      Level
   a - Corpse Rot                     Necromancy                   2
   b - Sublimation of Blood           Necromancy                   2
   c - Agony                          Necromancy                   5
   d - Dispel Undead                  Necromancy                   5
   e - Excruciating Wounds            Charms/Necromancy            5
   f - Bolt of Draining               Conjuration/Necromancy       5
 x - a book of Debilitation

   Spells                             Type                      Level
   a - Corona                         Hexes                        1
   b - Slow                           Hexes                        2
   c - Gell's Gravitas                Hexes/Translocation          3
   d - Inner Flame                    Hexes/Fire                   3
   e - Cause Fear                     Hexes                        4
   f - Leda's Liquefaction            Hexes/Earth                  4
 E - the Volume of the Arsonist

   Spells                             Type                      Level
   a - Throw Flame                    Conjuration/Fire             2
   b - Conjure Flame                  Conjuration/Fire             3
   c - Inner Flame                    Hexes/Fire                   3
 G - a book of the Sky

   Spells                             Type                      Level
   a - Summon Lightning Spire         Summoning/Air                4
   b - Airstrike                      Air                          4
   c - Silence                        Hexes/Air                    5
   d - Deflect Missiles               Charms/Air                   6
   e - Conjure Ball Lightning         Conjuration/Air              6
   f - Tornado                        Air                          9
 N - Kikubaaqudgha's Handbook of Sinister Secrets

   Spells                             Type                      Level
   a - Pain                           Necromancy                   1
   b - Corpse Rot                     Necromancy                   2
   c - Sublimation of Blood           Necromancy                   2
   d - Regeneration                   Charms/Necromancy            3
   e - Control Undead                 Necromancy                   4
Miscellaneous
 s - a sack of spiders
 z - a lantern of shadows
 C - a fan of gales (inert)
 D - a stone of tremors
 F - an ornate deck of changes {drawn: 4}
Comestibles
 c - 9 bread rations
 A - 2 meat rations

Dungeon Overview and Level Annotations

Branches:
Dungeon (15/15)            Temple (1/1) D:7            Lair (8/8) D:8
  Swamp (0/4) Lair:5       Spider (0/4) Lair:3        Slime (6/6) Lair:8
    Orc (4/4) D:11            Elf (0/3) Orc:4        Vaults (0/5) D:14
 Depths: D:15

Altars:
Ashenzari
Cheibriados
Dithmenos
Elyvilon
Fedhas
Kikubaaqudgha
Makhleb
Okawaru
Qazlal
Ru
Sif Muna
Trog
Vehumet
Xom
Yredelemnul
Zin
Beogh
Jiyva

Shops:
D:10 *   Orc:1 *   Orc:2 *(*}   Orc:4 *:([

Portals:
Hell: Lair:8

Annotations:
D:7 1 runed door
D:8 exclusion: ice statue
D:14 exclusion: Roxanne, Roxanne
Lair:7 exclusion: upstairs
Slime:3 Dissolution
Slime:6 Royal Jelly

▒▒.▒ ....▒▒..............▒▒.▒
▒.▒▒ ▒..▒(▒...▒............ ▒▒.▒
▒ ▒▒▒....{...... ▒....J
▒.▒▒▒▒.▒▒▒..{...{....▒▒▒▒▒▒▒.....
▒...<......▒.<.......▒▒▒.▒.▒..{{{
▒..........▒.........▒▒.▒.▒......
▒.........▒▒.........▒{▒▒▒▒▒.....
▒.........▒▒▒▒▒▒▒▒▒▒▒▒▒J▒ ▒.....
▒▒▒▒▒▒▒▒▒▒▒ ▒a▒.▒.▒.▒▒ ▒▒▒▒▒▒
▒▒J▒.▒.▒▒ ▒▒▒▒▒▒▒


You could see an acid blob.


Message History

The acid blob spits acid at you. The splash of acid hits you!
The acid burns!
* * * LOW HITPOINT WARNING * * *
You dig through the rock wall.
You dig through the rock wall.
You dig through the rock wall.
Here: an acid blob (durably summoned)
The floor.
You retract your mandibles.
You barely miss the acid blob. The acid blob hits you!
* * * LOW HITPOINT WARNING * * *
You are splashed with acid!
The acid burns!
* * * LOW HITPOINT WARNING * * *
You hit the acid blob.
The acid blob is poisoned.
Your hands burn!
* * * LOW HITPOINT WARNING * * *
The acid blob is lightly wounded.
The acid blob spits acid at you. The splash of acid hits you!
* * * LOW HITPOINT WARNING * * *
The acid corrodes you!
The acid burns!
* * * LOW HITPOINT WARNING * * *
You extend your mandibles.
You dig through the rock wall.
You are feeling hungry.
You dig through the rock wall.
The acid blob hits you!!
* * * LOW HITPOINT WARNING * * *
You are splashed with acid!
The acid corrodes you!
The acid burns!
You die...
Xom is highly amused!
Kikubaaqudgha rasps: "You have failed me!
Welcome... death!"

Action                   |  1- 3 |  4- 6 |  7- 9 | 10-12 | 13-15 | 16-18 || total
-------------------------+-------+-------+-------+-------+-------+-------++-------
Melee: Mace              |    93 |   161 |   412 |  1392 |  3626 |   283 ||  5967
Throw: Javelin           |       |       |       |       |     2 |       ||     2
Invok: Jelly Paralyse    |       |       |       |       |     7 |       ||     7
       Slimify           |       |       |       |       |     5 |       ||     5
       Cure Bad Mutation |       |       |       |       |     5 |       ||     5
 Abil: Dig               |       |     1 |     6 |    28 |    66 |    22 ||   123
       Shaft Self        |       |       |       |     6 |     2 |     4 ||    12
Evoke: Sack of spiders   |       |       |       |       |     1 |       ||     1
       Deck              |       |       |       |       |       |     4 ||     4
       Fan of gales      |       |       |       |       |       |     1 ||     1
 Stab: Sleeping          |     1 |       |       |       |       |       ||     1
       Paralysed         |       |     1 |     5 |    12 |    85 |    10 ||   113
       Confused          |       |     2 |     2 |    12 |    43 |     1 ||    60
       Petrified         |       |     1 |     2 |    16 |    27 |       ||    46
       Petrifying        |       |     1 |       |     5 |    36 |     1 ||    43
       Invisible         |       |       |     1 |    13 |       |       ||    14
       Distracted        |       |       |       |     2 |     2 |       ||     4
  Eat: Chunk             |     2 |     6 |     9 |    10 |    13 |       ||    40
       Pizza             |       |       |     2 |       |       |       ||     2
       Meat ration       |       |       |     1 |     6 |       |     3 ||    10
       Royal jelly       |       |       |       |     2 |     2 |       ||     4
       Bread ration      |       |       |       |       |     3 |       ||     3

Vault maps used:
D:1:      minmay_arrival_stair_chambers
D:2:      nicolae_overflow_hidden_temple, trog_hazing_becter
D:3:      old_standard_altar
D:4:      uniq_grinder, uniq_pikel
D:5:      first_bread, columned_hall_lemuel, uniq_edmund
D:6:      nicolae_benzene_ring
D:7:      lemuel_insect_pit, amethyst_overflow_temple_binary,
          gammafunk_temple_overflow_wave, minmay_temple_entry_crystal_x
D:8:      lemuel_ice_statue, minmay_lair_entry_lava, hangedman_tree_tricks,
          feat_on_display, uniq_maurice
D:9:      ashenzari_altar_1
D:10:     serial_shops, shop
D:11:     david_orc_4, uniq_snorg
D:12:     uniq_maud
D:13:     cross_vault, minmay_fountain_box, uniq_kirke, uniq_azrael
D:14:     erik_vaults_1, uniq_roxanne
D:15:     grunt_enter_depths_snipers
Temple:   circular_temple_12
Lair:3:   spider_nest_entry_webs, lemuel_fruit_tree, serial_bayou_shore_b,
          grunt_megastairs_5, infiniplex_staircase_pool_2
Lair:5:   minmay_swamp_entry_swarm, wad_woods_river_01
Lair:6:   serial_bayou_ford_a
Lair:8:   evil_forest, dpeg_slime_entry_enclosed_altar, lab_entry_generic,
          grunt_megastairs_2
Slime:3:  basic_altar, uniq_dissolution
Orc:1:    basic_altar, serial_shops, shop, statue_in_the_mist_lemuel, uniq_erica
Orc:2:    serial_shops, shop_statue, shop, shop, nicolae_shop_behind_doors,
          basic_altar
Orc:3:    basic_altar, serial_shops, shop, nicolae_orc_pool_cavern
Orc:4:    grunt_orc_gardens, grunt_orc_garden, grunt_orc_garden,
          grunt_orc_garden, grunt_orc_garden, david_defended_altar_orc,
          uniq_saint_roka, uniq_josephine

Notes
Turn   | Place    | Note
--------------------------------------------------------------
     0 | D:1      | ventricule the Formicid Chaos Knight began the quest for the Orb.
     0 | D:1      | Reached XP level 1. HP: 18/18 MP: 1/1
    56 | D:1      | Reached skill level 1 in Dodging
   126 | D:1      | XOM: silly message
   137 | D:1      | Reached XP level 2. HP: 22/24 MP: 2/2
   381 | D:1      | XOM: god gift: scroll labeled OTUAGO ROBRON
   689 | D:1      | Reached XP level 3. HP: 15/29 MP: 3/3
   918 | D:2      | Found a bloodstained altar of Trog.
   963 | D:2      | XOM: colour smoke trail
  1004 | D:2      | XOM: medium Pois miscast
  1027 | D:2      | Reached skill level 4 in Maces & Flails
  1076 | D:2      | XOM: god gift: 29 gold pieces
  1486 | D:2      | Reached XP level 4. HP: 35/35 MP: 4/4
  1525 | D:2      | Found an iron altar of Okawaru.
  1965 | D:2      | XOM: god gift: 43 gold pieces
  2078 | D:3      | Reached skill level 5 in Maces & Flails
  2186 | D:3      | Reached XP level 5. HP: 33/41 MP: 5/5
  2283 | D:3      | Found a sacrificial altar of Ru.
  2400 | D:3      | XOM: medium Summ miscast
  2401 | D:3      | Noticed a blue devil
  2646 | D:4      | XOM: medium Chrm miscast
  2805 | D:3      | XOM: colour smoke trail
  2908 | D:4      | Noticed Grinder
  2915 | D:4      | XOM: polymorph Grinder -> Grinder
  2920 | D:4      | XOM: summons 5 friendly demons
  2928 | D:4      | Killed Grinder
  2928 | D:4      | Reached skill level 6 in Maces & Flails
  2928 | D:4      | Reached XP level 6. HP: 47/47 MP: 6/6
  3057 | D:4      | Noticed a slave
  3057 | D:4      | Noticed a slave
  3075 | D:4      | XOM: cast spell 'Dispersal'
  3095 | D:4      | Killed a slave
  3099 | D:4      | XOM: fake destruction
  3105 | D:4      | XOM: swap monsters
  3110 | D:4      | Killed a slave
  3352 | D:4      | Noticed a slave
  3354 | D:4      | Noticed Pikel
  3367 | D:4      | XOM: enchant monster (good)
  3381 | D:4      | Noticed a slave
  3382 | D:4      | XOM: summons 2 friendly demons
  3390 | D:4      | XOM: confusion (+ monsters)
  3402 | D:4      | XOM: summons 2 friendly demons
  3405 | D:4      | Killed Pikel
  3405 | D:4      | Reached skill level 8 in Maces & Flails
  3405 | D:4      | Reached XP level 7. HP: 49/52 MP: 7/7
  3455 | D:4      | XOM: swap monsters
  3459 | D:4      | Reached XP level 8. HP: 45/58 MP: 8/8
  3794 | D:4      | Killed a freed slave
  4001 | D:5      | Entered Level 5 of the Dungeon
  4009 | D:5      | Killed a freed slave
  4041 | D:5      | Noticed Edmund
  4065 | D:5      | Killed Edmund
  4065 | D:5      | Reached skill level 9 in Maces & Flails
  4148 | D:5      | XOM: god gift: fizzy blue potion
  4622 | D:5      | XOM: vitrification
  4676 | D:5      | Reached skill level 1 in Shields
  4824 | D:6      | Reached skill level 2 in Shields
  4916 | D:6      | XOM: god gift: club {god gift}
  4927 | D:6      | Reached skill level 3 in Shields
  5010 | D:6      | XOM: colour smoke trail
  5094 | D:6      | XOM: silly message
  5106 | D:6      | Reached skill level 4 in Shields
  5149 | D:6      | XOM: polymorph jackal -> hobgoblin
  5154 | D:6      | Reached skill level 5 in Shields
  5181 | D:6      | Reached skill level 6 in Shields
  5181 | D:6      | Reached XP level 9. HP: 62/64 MP: 9/9
  5431 | D:6      | XOM: vitrification
  5444 | D:6      | Reached skill level 7 in Shields
  5757 | D:6      | Reached skill level 8 in Shields
  5882 | D:7      | XOM: summons 2 friendly demons
  6195 | D:7      | Reached skill level 9 in Shields
  6197 | D:7      | Found a staircase to the Ecumenical Temple.
  6206 | Temple   | Entered the Ecumenical Temple
  6317 | D:7      | XOM: scenery: 1 doors open
  6381 | D:7      | Found a runed door.
  6390 | D:7      | XOM: enchant monster (good)
  6526 | D:7      | XOM: give mutation
  6526 | D:7      | Gained mutation: You can spit weak poison. [Xom's grace]
  6730 | D:7      | Found a glowing silver altar of Zin.
  6730 | D:7      | Found a stormy altar of Qazlal.
  6792 | D:7      | XOM: fog
  6795 | D:7      | XOM: give mutations
  6795 | D:7      | Gained mutation: You evolve. [Xom's mischief]
  6795 | D:7      | Gained mutation: Your mind is acute. (Int +2) [Xom's mischief]
  6795 | D:7      | Gained mutation: You occasionally shout uncontrollably at your foes. [Xom's mischief]
  6804 | D:7      | Reached skill level 10 in Shields
  6846 | D:6      | XOM: silly message
  7014 | D:7      | XOM: divination: detect creatures
  7103 | D:7      | Found a runed door.
  7264 | D:7      | XOM: mild Tloc miscast
  7537 | D:7      | XOM: mild Hex miscast
  7563 | D:7      | Found a shadowy altar of Dithmenos.
  7689 | D:7      | Found a basalt altar of Yredelemnul.
  7760 | D:7      | XOM: potion effect (invisibility)
  7768 | D:7      | XOM: cast spell 'Statue Form'
  7781 | D:7      | Reached skill level 11 in Shields
  7781 | D:7      | Reached XP level 10. HP: 70/70 MP: 10/10
  7810 | D:7      | Gained mutation: You are partially covered in rugged brown scales (AC +1, +3% HP). [evolution]
  7818 | D:7      | XOM: god gift: 12 stones
  7838 | D:7      | XOM: confuse monster(s)
  7919 | D:7      | XOM: confuse monster(s)
  8127 | D:6      | XOM: god gift: robe {god gift}
  8224 | D:6      | XOM: divination: detect creatures
  8292 | D:8      | XOM: noise
  8307 | D:8      | XOM: confuse monster(s)
  8326 | D:8      | XOM: cast spell 'Warp Weapon'
  8329 | D:8      | Reached skill level 3 in Armour
  8485 | D:8      | Noticed an ice statue
  8529 | D:8      | Reached skill level 2 in Dodging
  8548 | D:8      | Reached skill level 4 in Fighting
  8572 | D:8      | Found a staircase to the Lair.
  8578 | D:8      | XOM: summons friendly ufetubus
  8581 | D:8      | Reached skill level 4 in Armour
  8590 | D:8      | XOM: harmless Air miscast
  8750 | D:8      | Gained mutation: Your mind is very acute. (Int +4) [evolution]
  8758 | D:8      | XOM: divination: magic mapping
  8786 | D:8      | Noticed Maurice
  8792 | D:8      | XOM: confuse monster(s)
  8800 | D:8      | XOM: confuse monster(s)
  8864 | D:8      | Reached skill level 3 in Dodging
  8897 | D:8      | Found a blossoming altar of Fedhas.
  9095 | D:8      | Killed Maurice
  9095 | D:8      | Reached skill level 5 in Fighting
  9213 | D:8      | XOM: repel stairs
  9215 | D:8      | XOM: polymorph kobold -> gnoll
  9222 | D:8      | XOM: medium Divn miscast
  9431 | D:8      | XOM: draining
  9489 | D:9      | XOM: confusion
  9523 | D:9      | Reached skill level 5 in Armour
  9541 | D:9      | XOM: summons 10 friendly demons
  9616 | D:9      | Found a shattered altar of Ashenzari.
  9723 | D:9      | Reached skill level 4 in Dodging
  9749 | D:9      | XOM: fake destruction
  9762 | D:9      | XOM: silly message
  9839 | D:9      | Reached skill level 6 in Fighting
  9839 | D:9      | Reached XP level 11. HP: 83/83 MP: 11/11
  9971 | D:9      | Reached skill level 6 in Armour
 10075 | D:9      | Gained mutation: You are weak. (Str -2) [evolution]
 10208 | D:9      | XOM: medium Pois miscast
 10557 | D:9      | XOM: silly message
 10650 | Lair:1   | Entered Level 1 of the Lair of Beasts
 10850 | Lair:1   | XOM: mild Trmt miscast
 10955 | Lair:1   | Reached skill level 10 in Maces & Flails
 11123 | Lair:2   | XOM: colour smoke trail
 11374 | Lair:2   | XOM: summons 3 friendly demons
 11376 | Lair:2   | XOM: enchant monster (bad)
 11454 | Lair:2   | XOM: give mutations
 11454 | Lair:2   | Lost mutation: You evolve. [Xom's grace]
 11454 | Lair:2   | Gained mutation: You are somewhat resistant to further mutation. [Xom's grace]
 11454 | Lair:2   | Lost mutation: You are weak. (Str -2) [Xom's grace]
 11454 | Lair:2   | Gained mutation: You are agile. (Dex +2) [Xom's grace]
 11719 | Lair:2   | XOM: blink monster(s)
 11729 | Lair:2   | You fall through a shaft!
 11796 | Lair:3   | XOM: mild Conj miscast
 12008 | Lair:3   | XOM: blink monster(s)
 12109 | Lair:4   | XOM: divination: detect creatures
 12112 | Lair:4   | You fall through a shaft!
 12318 | Lair:5   | XOM: divination: magic mapping
 12341 | Lair:5   | XOM: harmless Summ miscast
 12461 | Lair:5   | You fall through a shaft for 3 floors!
 12461 | Lair:8   | Entered Level 8 of the Lair of Beasts
 12461 | Lair:8   | Found a labyrinth entrance.
 12473 | Lair:8   | XOM: divination: detect creatures
 12482 | Lair:8   | Noticed a six-headed hydra
 12486 | Lair:8   | XOM: potion effect (curing)
 12517 | Lair:7   | XOM: mild Pois miscast
 12520 | Lair:7   | XOM: smoke on damage
 12535 | Lair:7   | XOM: harmless Air miscast
 12542 | Lair:7   | Reached skill level 11 in Maces & Flails
 12555 | Lair:7   | HP: 8/85 [poisoned by a spiny frog]
 12560 | Lair:7   | HP: 7/85 [poisoned by a spiny frog]
 12566 | Lair:7   | HP: 5/85 [poisoned by a spiny frog]
 12574 | Lair:7   | HP: 5/85 [poisoned by a spiny frog]
 12582 | Lair:7   | HP: 5/85 [poisoned by a spiny frog]
 13103 | Lair:7   | XOM: divination: detect creatures
 13104 | Lair:7   | XOM: harmless Trmt miscast
 13108 | Lair:7   | XOM: destruction
 13110 | Lair:7   | XOM: cast spell 'Excruciating Wounds'
 13125 | Lair:7   | XOM: destruction
 13190 | Lair:6   | Noticed a death yak
 13190 | Lair:6   | Noticed a death yak
 13190 | Lair:6   | Noticed a death yak
 13190 | Lair:6   | Noticed a death yak
 13190 | Lair:6   | XOM: summons 11 friendly demons
 13194 | Lair:6   | XOM: mild Fire miscast
 13242 | Lair:7   | Noticed an eight-headed hydra
 13275 | Lair:7   | You fall through a shaft!
 13622 | Lair:8   | XOM: give mutations
 13622 | Lair:8   | Gained mutation: You are surrounded by a mild repulsion field (EV +2). [Xom's mischief]
 13622 | Lair:8   | Lost mutation: You can spit weak poison. [Xom's mischief]
 13622 | Lair:8   | Lost mutation: Your mind is very acute. (Int +4) [Xom's mischief]
 13657 | Lair:8   | XOM: medium Ice miscast
 13883 | Lair:8   | XOM: confuse monster(s)
 13884 | Lair:8   | XOM: potion effect (might)
 13885 | Lair:8   | XOM: destruction
 13910 | Lair:8   | Noticed a death yak
 13910 | Lair:8   | XOM: potion effect (invisibility)
 13911 | Lair:8   | Noticed a death yak
 13913 | Lair:8   | Noticed a death yak
 13915 | Lair:8   | XOM: noise
 13918 | Lair:8   | Noticed a griffon
 13952 | Lair:7   | XOM: harmless Summ miscast
 13953 | Lair:7   | Noticed a griffon
 13964 | Lair:7   | Banished a griffon
 13964 | Lair:7   | Reached skill level 12 in Maces & Flails
 14050 | Lair:7   | Noticed a griffon
 14068 | Lair:7   | Killed a griffon
 14117 | Lair:7   | XOM: medium Chrm miscast
 14196 | Lair:7   | XOM: noise
 14207 | Lair:7   | Reached XP level 12. HP: 84/91 MP: 10/12
 14368 | Lair:6   | Noticed a death yak
 14368 | Lair:6   | Noticed a death yak
 14369 | Lair:6   | Noticed a death yak
 14371 | Lair:6   | XOM: harmless Air miscast
 14404 | Lair:5   | XOM: potion effect (magic)
 14411 | Lair:5   | XOM: potion effect (heal wounds)
 14442 | Lair:5   | XOM: silly message
 14732 | Lair:6   | XOM: smoke on damage
 14747 | Lair:6   | Reached skill level 13 in Maces & Flails
 15025 | Lair:6   | XOM: divination: detect items
 15093 | Lair:6   | XOM: silly message
 15197 | Lair:6   | XOM: divination: magic mapping
 15508 | Lair:6   | XOM: potion effect (invisibility)
 15584 | Lair:5   | You fall through a shaft for 2 floors!
 15991 | Lair:7   | XOM: blink monster(s)
 16224 | Lair:7   | XOM: chaos cloud
 16234 | Lair:7   | You fall through a shaft!
 16269 | Lair:8   | XOM: cast spell 'Olgreb's Toxic Radiance'
 16271 | Lair:8   | XOM: potion effect (heal wounds)
 16375 | Lair:8   | XOM: god gift: mace {god gift}
 16378 | Lair:8   | XOM: harmless Hex miscast
 16384 | Lair:8   | Reached skill level 14 in Maces & Flails
 16396 | Lair:8   | XOM: mild Ice miscast
 16496 | Lair:8   | XOM: noise
 16557 | Lair:8   | XOM: cast spell 'Summon Horrible Things'
 16578 | Lair:8   | Noticed a death yak
 16580 | Lair:8   | Noticed a death yak
 16582 | Lair:8   | Killed a six-headed hydra
 16586 | Lair:8   | Reached skill level 12 in Shields
 16593 | Lair:8   | XOM: confuse monster(s)
 16602 | Lair:8   | XOM: divination: detect items
 16606 | Lair:8   | Noticed a death yak
 16609 | Lair:8   | XOM: god gift: curved glowing rod {god gift}
 16620 | Lair:8   | XOM: enchant monster (good)
 16642 | Lair:8   | XOM: destruction
 16692 | Lair:8   | XOM: potion effect (might)
 16875 | Lair:8   | XOM: cast spell 'Ice Form'
 17008 | Lair:8   | Killed a griffon
 17153 | Lair:8   | XOM: torment (57/91 hp)
 17272 | Lair:8   | XOM: vitrification
 17308 | Lair:8   | Noticed a four-headed hydra
 17318 | Lair:8   | XOM: fog
 17327 | Lair:8   | XOM: potion effect (brilliance)
 17342 | Lair:8   | Killed a four-headed hydra
 17359 | Lair:8   | XOM: swap monsters
 17366 | Lair:8   | XOM: fog
 17392 | Lair:8   | Reached skill level 13 in Shields
 17430 | Lair:8   | XOM: vitrification
 17547 | Lair:8   | Noticed a dire elephant
 17630 | Lair:8   | XOM: divination: magic mapping
 17654 | Lair:8   | Found a viscous altar of Jiyva.
 17654 | Lair:8   | Found a staircase to the Slime Pits.
 17658 | Lair:8   | Fell from the grace of Xom
 17658 | Lair:8   | Became a worshipper of Jiyva Jankaymn the Shapeless
 17778 | Lair:7   | Reached XP level 13. HP: 72/96 MP: 8/13
 17909 | Lair:7   | XOM: mild Fire miscast
 18378 | Lair:6   | Reached * piety under Jiyva
 18557 | Lair:6   | Noticed an emperor scorpion
 18557 | Lair:6   | a death yak changed into an emperor scorpion
 18565 | Lair:6   | You fall through a shaft for 2 floors!
 18766 | Lair:8   | Reached ** piety under Jiyva
 19254 | Lair:8   | Killed a death yak
 19254 | Lair:8   | Reached skill level 14 in Shields
 19260 | Lair:8   | Killed a death yak
 19544 | Lair:8   | Noticed an eight-headed hydra
 19631 | Lair:8   | XOM: polymorph yak -> fire crab
 19645 | Lair:8   | Reached skill level 15 in Shields
 19668 | Lair:8   | XOM: enchant monster (good)
 19699 | Lair:8   | XOM: give mutations
 19699 | Lair:8   | Lost mutation: Your mind is acute. (Int +2) [Xom's mischief]
 19699 | Lair:8   | Gained mutation: You sometimes yell uncontrollably at your foes. [Xom's mischief]
 19699 | Lair:8   | Lost mutation: You are agile. (Dex +2) [Xom's mischief]
 19723 | Lair:8   | XOM: medium Pois miscast
 19983 | Lair:8   | Reached skill level 5 in Dodging
 20024 | Lair:8   | XOM: medium Fire miscast
 20101 | Lair:8   | XOM: mild Chrm miscast
 20418 | Lair:8   | Killed a death yak
 20418 | Lair:8   | Reached skill level 7 in Fighting
 20418 | Lair:8   | Reached skill level 7 in Armour
 20539 | Lair:6   | Killed a death yak
 20583 | Lair:6   | XOM: noise
 20612 | Lair:6   | XOM: god gift: royal jelly
 20657 | Lair:6   | XOM: medium Pois miscast
 20739 | Lair:6   | XOM: enchant monster (bad)
 20982 | Lair:5   | Reached *** piety under Jiyva
 21010 | Lair:5   | XOM: mild Erth miscast
 21034 | Lair:5   | Reached skill level 6 in Dodging
 21141 | Lair:5   | Found a staircase to the Swamp.
 21214 | Lair:5   | XOM: mild Trmt miscast
 21291 | Lair:5   | Reached skill level 8 in Fighting
 21395 | Lair:5   | Reached skill level 8 in Armour
 21800 | Lair:4   | Gained mutation: You have large cloven feet. [Jiyva's grace]
 21896 | Lair:4   | Reached **** piety under Jiyva
 22049 | Lair:4   | XOM: silly message
 22122 | Lair:4   | XOM: harmless Erth miscast
 22280 | Lair:3   | Reached XP level 14. HP: 109/109 MP: 14/14
 22419 | Lair:3   | Lost mutation: You have large cloven feet. [Jiyva's grace]
 22632 | Lair:3   | Reached ***** piety under Jiyva
 22886 | Lair:3   | Found a hole to the Spider Nest.
 22925 | Lair:3   | Got a slimy cloak
 22936 | Lair:3   | Identified the cursed +0 cloak of the Enchanted Forest {+Blink Str+3} (You found it on level 3 of the Lair of Beasts)
 23150 | Lair:2   | Gained mutation: You are partially covered in rough black scales (AC +4, Dex -1). [Jiyva's grace]
 23244 | Lair:2   | Reached skill level 7 in Dodging
 23480 | Lair:2   | XOM: mild Chrm miscast
 23514 | Lair:2   | Gained mutation: You possess an exceptional clarity of mind. [Jiyva's grace]
 23564 | Lair:2   | Noticed an eight-headed hydra
 23645 | Lair:1   | XOM: give mutations
 23645 | Lair:1   | Lost mutation: You are partially covered in rough black scales (AC +4, Dex -1). [Xom's mischief]
 23645 | Lair:1   | Gained mutation: You frequently scream uncontrollably at your foes. [Xom's mischief]
 23645 | Lair:1   | Gained mutation: You are frail (-10% HP). [Xom's mischief]
 23645 | Lair:1   | Lost mutation: You frequently scream uncontrollably at your foes. [Xom's mischief]
 24123 | Lair:1   | Reached skill level 8 in Dodging
 24247 | Lair:1   | XOM: mild Air miscast
 24404 | Lair:1   | XOM: polymorph jelly -> wolf
 24686 | D:10     | Entered Level 10 of the Dungeon
 24891 | D:10     | Found Virooni's Assorted Antiques.
 25620 | D:11     | Noticed Nicoed's ghost (novice DrNe)
 26209 | D:11     | XOM: mild Summ miscast
 26302 | D:11     | Found a staircase to the Orcish Mines.
 26325 | D:11     | XOM: noise
 26352 | D:11     | Noticed Snorg
 26388 | D:11     | XOM: mild Pois miscast
 26462 | D:11     | Slimified Snorg
 26462 | D:11     | Noticed Snorg
 26462 | D:11     | Snorg changed into Snorg the slime creature
 26468 | D:11     | Gained mutation: You are agile. (Dex +2) [Jiyva's grace]
 26486 | D:11     | Reached ****** piety under Jiyva
 26492 | D:11     | Gained mutation: You can spit weak poison. [Jiyva's grace]
 26900 | Lair:5   | Reached skill level 9 in Dodging
 27039 | Lair:6   | Killed a death yak
 27108 | Lair:8   | Noticed a dire elephant
 27297 | Lair:8   | Killed a dire elephant
 27318 | Lair:8   | Noticed a death yak
 27351 | Lair:8   | Killed a death yak
 27359 | Lair:8   | Killed a death yak
 27387 | Lair:8   | a death yak changed into an entropy weaver
 27402 | Lair:8   | Reached skill level 10 in Dodging
 27507 | Lair:8   | Gained mutation: Your body is partially covered in golden eyeballs (Acc +3). [Jiyva's grace]
 27729 | Lair:8   | Killed a death yak
 27777 | Slime:1  | Entered Level 1 of the Pits of Slime
 27777 | Slime:1  | Noticed an azure jelly
 27783 | Slime:1  | Noticed an acid blob
 27787 | Slime:2  | Noticed an acid blob
 27789 | Slime:2  | Noticed an acid blob
 27812 | Slime:3  | Noticed Dissolution
 27816 | Slime:3  | Noticed an acid blob
 27829 | Slime:5  | Noticed an acid blob
 27834 | Slime:6  | Entered Level 6 of the Pits of Slime
 27845 | Slime:6  | Noticed an acid blob
 27851 | Slime:6  | Noticed an acid blob
 27855 | Slime:6  | Found a viscous altar of Jiyva.
 27855 | Slime:6  | Noticed an acid blob
 27858 | Slime:6  | Noticed the royal jelly
 27863 | Slime:6  | Noticed an acid blob
 27863 | Slime:6  | Lost mutation: Your body is partially covered in golden eyeballs (Acc +3). [Jiyva's grace]
 27864 | Slime:6  | Noticed an azure jelly
 27867 | Slime:6  | Noticed an acid blob
 27868 | Slime:6  | Noticed an acid blob
 27868 | Slime:6  | Noticed an azure jelly
 27871 | Slime:6  | Lost mutation: You are somewhat resistant to further mutation. [Jiyva's grace]
 27881 | Slime:6  | Identified the Volume of the Arsonist
 27887 | Slime:6  | Gained mutation: You have a small jelly attached to you that may absorb incoming projectiles. [Jiyva's grace]
 27908 | Slime:6  | Got a slimy rune of Zot
 27943 | Slime:6  | XOM: mild Divn miscast
 27943 | Slime:6  | Was forgiven by Xom
 28072 | Lair:8   | Noticed a griffon
 28094 | Lair:8   | Killed a griffon
 28129 | Lair:8   | Noticed a wizard
 28372 | Lair:8   | Found a burning altar of Makhleb.
 28757 | Lair:8   | Reached skill level 11 in Dodging
 28808 | Lair:8   | Noticed a sun demon
 28828 | Lair:8   | Killed a sun demon
 28884 | Lair:8   | Found a gateway to Hell.
 29199 | Lair:8   | Gained mutation: Potions and wands are less effective at restoring your health. [Jiyva's grace]
 29430 | Lair:8   | Killed a wizard
 29430 | Lair:8   | Reached XP level 15. HP: 94/104 MP: 15/15
 30138 | Orc:1    | Entered Level 1 of the Orcish Mines
 30138 | Orc:1    | Noticed Erica
 30244 | D:11     | Lost mutation: You are frail (-10% HP). [Jiyva's power]
 30470 | D:11     | Killed Nicoed's ghost
 30589 | D:11     | Killed Snorg the slime creature
 30885 | D:11     | Reached skill level 12 in Dodging
 30948 | D:11     | Gained mutation: You are partially covered in slimy green scales (AC +2). [Jiyva's grace]
 31112 | D:11     | Killed Erica
 31112 | D:11     | Reached skill level 1 in Throwing
 31138 | Orc:1    | Found a roughly hewn altar of Beogh.
 31410 | Orc:1    | Lost mutation: Potions and wands are less effective at restoring your health. [Jiyva's power]
 31448 | Orc:1    | Gained mutation: You are very agile. (Dex +4) [Jiyva's grace]
 31466 | Orc:1    | Lost mutation: You can spit weak poison. [Jiyva's grace]
 31466 | Orc:1    | Gained mutation: You can breathe flames. [Jiyva's grace]
 31499 | Orc:1    | Gained mutation: Your body is partially covered in golden eyeballs (Acc +3). [Jiyva's grace]
 31504 | Orc:1    | Lost mutation: You sometimes yell uncontrollably at your foes. [Jiyva's power]
 31579 | Orc:1    | Found Erojef's Assorted Antiques.
 31646 | Orc:2    | Found Boam's General Store.
 31678 | Orc:1    | Gained mutation: Potions and wands are less effective at restoring your health. [Jiyva's grace]
 31749 | Orc:2    | Reached skill level 2 in Throwing
 31779 | Orc:2    | Found Wageajo's Antique Weapon Emporium.
 31797 | Orc:2    | Found Huka's Gadget Emporium.
 32045 | Orc:1    | Gained mutation: You have acidic saliva. [Jiyva's grace]
 32193 | Orc:2    | Lost mutation: You occasionally shout uncontrollably at your foes. [Jiyva's grace]
 32441 | Orc:3    | Lost mutation: You can breathe flames. [Jiyva's grace]
 32442 | Orc:3    | Found Joittoeng's General Store.
 32454 | Orc:3    | Lost mutation: You are partially covered in slimy green scales (AC +2). [Jiyva's grace]
 32475 | Orc:3    | Gained mutation: Your rubbery body absorbs attacks (AC +1). [Jiyva's grace]
 32519 | Orc:3    | Lost mutation: Your rubbery body absorbs attacks (AC +1). [Jiyva's grace]
 32526 | Orc:3    | Lost mutation: You have a small jelly attached to you that may absorb incoming projectiles. [Jiyva's grace]
 32560 | Orc:3    | Lost mutation: You possess an exceptional clarity of mind. [Jiyva's grace]
 32839 | Orc:3    | Found a roughly hewn altar of Beogh.
 32847 | Orc:3    | Lost mutation: You are very agile. (Dex +4) [Jiyva's grace]
 32990 | Orc:2    | Found a burning altar of Makhleb.
 33008 | Orc:3    | Reached skill level 3 in Throwing
 33020 | Orc:2    | Gained mutation: You expend magic power (3 MP) to strengthen your wands. [Jiyva's grace]
 33309 | Orc:2    | Lost mutation: You expend magic power (3 MP) to strengthen your wands. [Jiyva's grace]
 33329 | Orc:2    | Found Iraul's General Store.
 33446 | Orc:4    | Entered Level 4 of the Orcish Mines
 33563 | Orc:4    | Noticed an orc warlord
 33576 | Orc:4    | Slimified an orc warlord
 33576 | Orc:4    | Noticed an acid blob
 33576 | Orc:4    | an orc warlord changed into an acid blob
 33577 | Orc:4    | Gained mutation: You are partially covered in slimy green scales (AC +2). [Jiyva's grace]
 33589 | Orc:4    | Noticed Josephine
 33600 | Orc:4    | Gained mutation: You have an increased reservoir of magic (+10% MP). [Jiyva's grace]
 33612 | Orc:4    | Killed Josephine
 33655 | Orc:4    | Found Archirch's Book Shop.
 33797 | Orc:4    | Noticed Saint Roka
 33843 | Orc:4    | Slimified Saint Roka
 33843 | Orc:4    | Noticed Saint Roka
 33843 | Orc:4    | Saint Roka changed into Saint Roka the azure jelly
 33845 | Orc:4    | Lost mutation: You have an increased reservoir of magic (+10% MP). [Jiyva's grace]
 33848 | Orc:4    | Lost mutation: Potions and wands are less effective at restoring your health. [Jiyva's grace]
 33886 | Orc:4    | Lost mutation: You have acidic saliva. [Jiyva's grace]
 33963 | Orc:4    | Found Dovarusm's Antique Armour Shop.
 33971 | Orc:4    | Bought a pair of gloves for 144 gold pieces
 34081 | Orc:4    | Reached skill level 13 in Dodging
 34131 | Orc:4    | Found Wooxaov's Antique Weapon Boutique.
 34131 | Orc:4    | Found a staircase to the Elven Halls.
 34163 | Orc:4    | Gained mutation: Your body sometimes deteriorates upon taking damage. [Jiyva's grace]
 34193 | Orc:4    | Lost mutation: Your body sometimes deteriorates upon taking damage. [Jiyva's power]
 34278 | Orc:4    | Gained mutation: You possess an exceptional clarity of mind. [Jiyva's grace]
 34322 | Orc:4    | Found Huehok's General Store.
 34352 | Orc:4    | Found an iron altar of Okawaru.
 34371 | Orc:4    | Gained mutation: You have sharp toenails. [Jiyva's grace]
 34716 | Temple   | Fell from the grace of Jiyva
 34716 | Temple   | Became a worshipper of Kikubaaqudgha
 35272 | D:12     | Noticed Maud
 35336 | D:11     | Killed Maud
 35336 | D:11     | Reached skill level 4 in Throwing
 35428 | D:12     | Lost mutation: You are agile. (Dex +2) [mutagenic glow]
 35536 | D:12     | Gained mutation: You expend magic power (3 MP) to strengthen your wands. [mutagenic glow]
 35567 | D:12     | Gained mutation: Scrolls take you a little longer to read. [mutagenic glow]
 35619 | D:12     | Lost mutation: Your body is partially covered in golden eyeballs (Acc +3). [mutagenic glow]
 35811 | D:12     | Gained mutation: You regenerate slowly when monsters are visible. [mutagenic glow]
 36115 | D:12     | Gained mutation: You occasionally shout uncontrollably at your foes. [mutagenic glow]
 36211 | D:12     | Reached * piety under Kikubaaqudgha
 36211 | D:12     | Received a gift from Kikubaaqudgha
 36216 | D:12     | Identified Kikubaaqudgha's Handbook of Sinister Secrets (Kikubaaqudgha gifted it to you on level 12 of the Dungeon)
 36642 | D:13     | Noticed Kirke
 36683 | D:12     | Gained mutation: You are frail (-10% HP). [mutagenic glow]
 36716 | D:13     | Noticed Azrael
 36748 | D:12     | You fall through a shaft for 3 floors!
 36748 | D:15     | Entered Level 15 of the Dungeon
 36824 | D:14     | Noticed Roxanne
 36870 | D:14     | Reached skill level 5 in Throwing
 37289 | D:14     | Found a gate to the Vaults.
 37322 | D:14     | Reached skill level 6 in Throwing
 37322 | D:14     | Reached XP level 16. HP: 84/110 MP: 14/16
 37398 | D:14     | You fall through a shaft!
 38017 | D:13     | Killed Kirke
 38130 | D:13     | Reached skill level 7 in Throwing
 38151 | D:13     | Killed Azrael
 38166 | D:13     | You fall through a shaft!
 38169 | D:14     | You fall through a shaft!
 38244 | D:14     | HP: 11/110 [disintegration[the vengeance of Jiyva] (12)]
 38279 | D:14     | HP: 10/110 [poisoned by a trapdoor spider]
 38283 | D:14     | You fall through a shaft!
 38301 | D:15     | HP: 11/110 [poisoned by a trapdoor spider]
 38308 | D:15     | HP: 11/110 [poisoned by a trapdoor spider]
 38931 | D:15     | Reached ** piety under Kikubaaqudgha
 38953 | D:15     | Noticed an acid blob
 38979 | D:15     | HP: 4/110 [acid blob[the vengeance of Jiyva] (24)]
 38979 | D:15     | Splashed by an acid blob's acid

Vanquished Creatures
  Kirke (D:13)
  Maud (D:11)
  Azrael (D:13)
  A salamander stormcaller (D:15)
  A dire elephant (Lair:8)
  Josephine (Orc:4)
  An entropy weaver (Lair:8)
  2 centaur warriors
  Erica (D:11)
  A hydra (Lair:8)
  2 dancing weapons (D:14)
  8 death yaks
  2 orc high priests (Orc:4)
  The ghost of Nicoed the Reanimator, a novice DrNe of Qazlal (D:11)
  A sun demon (Lair:8)
  2 unseen horrors
  A wizard (Lair:8)
  A fire crab (Lair:8)
  2 hill giants
  4 orc knights (Orc:4)
  5 orc sorcerers
  4 griffons
  3 ugly things
  A sixfirhy (Lair:8)
  An octopode (Lair:8)
  A cyclops (D:12)
  10 elephants
  Maurice (D:8)
  An eye of devastation (D:15)
  A smoke demon (Lair:8)
  2 gargoyles
  4 black mambas
  3 orange demons (Lair:8)
  A torpor snail (Lair:5)
  A kobold demonologist (D:12)
  15 spiny frogs
  6 fire drakes
  A tengu conjurer (D:15)
  9 komodo dragons
  6 trolls
  A two-headed ogre (D:9)
  A freezing wraith (D:14)
  2 wind drakes
  A polar bear (Lair:7)
  4 blink frogs (Lair:5)
  Grinder (D:4)
  4 blue devils (Lair:8)
  A boulder beetle (Lair:8)
  6 wraiths
  4 trapdoor spiders (Lair:3)
  A vampire (D:12)
  2 deep elf magi
  A fire bat (Orc:2)
  A wyvern (Lair:5)
  4 basilisks
  A shadow (D:14)
  10 hippogriffs
  2 hogs
  2 fire elementals (D:13)
  65 yaks
  4 vampire mosquitoes
  A mottled dragon (D:11)
  A warg (Orc:2)
  19 water moccasins
  12 wolves
  Edmund (D:5)
  A wolf (shapeshifter) (Lair:7)
  A hungry ghost (D:12)
  3 hell hounds
  7 ice beasts
  3 phantoms
  8 porcupines
  40 orc warriors
  3 black bears
  8 ogres
  An eye of draining (shapeshifter) (Lair:8)
  A necrophage (D:12)
  3 slaves
  A boggart (Orc:2)
  A sky beast (D:10)
  11 centaurs
  A big kobold (D:8)
  A brain worm (Lair:8)
  15 crocodiles
  A wyvern zombie (D:7)
  23 giant frogs
  4 scorpions
  6 wights
  14 killer bees
  7 crimson imps
  A giant frog skeleton (D:13)
  15 jellies
  A quasit (D:6)
  2 centaur zombies
  A gnoll shaman (D:7)
  3 centaur skeletons
  13 hounds
  23 orc priests
  4 iguanas
  28 orc wizards
  12 worker ants
  2 killer bee zombies
  18 sheep
  A hound zombie (D:9)
  A hound skeleton (D:6)
  A worker ant zombie (D:8)
  12 gnolls
  13 adders
  A shadow imp (D:11)
  55 river rats
  2 oozes (D:2)
  An adder skeleton (D:7)
  4 worms
  141 orcs
  8 giant cockroaches
  10 goblins
  9 hobgoblins
  9 jackals
  15 kobolds
  6 quokkas
  6 bats
  6 giant geckos
  A giant gecko skeleton (D:4)
  4 giant newts
  A jackal zombie (D:6)
  A quokka skeleton (D:4)
  5 rats
  A fungus (Orc:4)
  A plant (Lair:5)
865 creatures vanquished.

Vanquished Creatures (collateral kills)
  A hydra (Lair:8)
  Pikel (D:4)
  A troll (D:9)
  A yak (Lair:8)
  A water moccasin (Lair:8)
  An ice beast (D:7)
  A crocodile (Lair:8)
  A giant frog (D:8)
  An orc priest (D:11)
  An adder (D:8)
  3 orcs
13 creatures vanquished.

Vanquished Creatures (others)
  An orc high priest (Orc:4)
  A sea snake (shapeshifter) (Orc:3)
  A shining eye (Slime:6)
  A griffon (Lair:7)
  An orc sorcerer (Orc:4)
  A fire drake (Lair:8)
  A troll (Orc:4)
  14 slime creatures
  A yak (Lair:8)
  A hippogriff (Lair:5)
  A steam dragon (Lair:5)
  2 wolves (Lair:8)
  3 wargs (Orc:4)
  6 orc warriors (Orc:4)
  An ogre (Orc:3)
  A slave (D:4)
  A crocodile (Lair:8)
  2 giant frogs
  3 killer bees (D:11)
  An electric eel (Lair:6)
  4 orc priests
  A crimson imp (D:14)
  A hound (D:10)
  149 jellies
  3 orc wizards
  A worker ant (D:11)
  2 sheep (Lair:3)
  A hound skeleton (D:8)
  A gnoll (D:4)
  43 orcs
  2 giant cockroaches (D:7)
  3 bushes
  67 fungi
  73 plants
395 creatures vanquished.

Grand Total: 1273 creatures vanquished
